 Dungeon Crawl Stone Soup version 0.20-a0-640-g62ed22f (webtiles) character file.

67 polly the Ducker (level 4, -3/34 HPs)
             Began as a Demonspawn Gladiator on Feb 13, 2017.
             Slain by Purgy (4 damage)
             ... in a sewer.
             The game lasted 00:02:35 (1871 turns).

polly the Ducker (Demonspawn Gladiator)             Turns: 1871, Time: 00:02:36

Health: -3/34      AC:  6    Str: 15    XL:     4   Next: 0%
Magic:  4/4        EV: 10    Int: 10    God:
Gold:   94         SH:  7    Dex: 14    Spells: 3/3 levels left

rFire    . . .     SeeInvis .   a - +0 long sword
rCold    . . .     Gourm    .   b - +0 leather armour
rNeg     . . .     Faith    .   l - +0 shield
rPois    .         Spirit   .   c - +0 helmet
rElec    .         Reflect  .   (no cloak)
rCorr    .         Harm     .   (no gloves)
MR       .....                  (no boots)
Stlth    +.........             (no amulet)
Regen    0.2/turn               (no ring)
MPRegen  0.1/turn               (no ring)

@: no status effects
A: hooves 1, icy blue scales 1, powered by death 1
a: no special abilities


You were in a sewer.
You were not hungry.

You visited 1 branch of the dungeon, and saw 3 of its levels.
You also visited: Sewer.

You collected 94 gold pieces.

Inventory:

Hand Weapons
 a - a +0 long sword (weapon)
Missiles
 d - 3 throwing nets (quivered)
Armour
 b - a +0 leather armour (worn)
 c - a +0 helmet (worn)
 l - a +0 shield (worn)
 n - a +0 cloak
Jewellery
 o - an uncursed ring of resist corrosion {unknown}
Scrolls
 e - 2 scrolls of identify {unknown}
 g - 2 scrolls of remove curse {unknown}
 i - a scroll of blinking {unknown}
 k - a scroll of immolation {unknown}
 m - 2 scrolls of teleportation {unknown}
 q - a scroll of enchant weapon {unknown}
 r - 2 scrolls of fear {unknown}
 s - a scroll of random uselessness {unknown}
Comestibles
 f - a bread ration
 h - 8 fruits
 j - 2 royal jellies


   Skills:
 + Level 2.4 Fighting
 + Level 3.2 Long Blades
 + Level 1.8 Throwing
 + Level 0.8 Armour
 + Level 3.2 Dodging
 + Level 0.8 Stealth
 + Level 0.6 Shields


You had 3 spell levels left.
You didn't know any spells.

Dungeon Overview and Level Annotations

Branches:
Dungeon (3/15)

Altars:
Okawaru
Xom
The Shining One

Annotations:
Sewer Purgy


Innate Abilities, Weirdness & Mutations

You have large cloven feet.
You are partially covered in icy blue scales. (AC +2)
You regenerate a little health from kills.


Message History

* * * LOW HITPOINT WARNING * * *
Purgy barely misses you. You block Purgy's attack.
Purgy hisses menacingly.
You open the door.
Found a chain mail.
Purgy closely misses you. Purgy claws you.
* * * LOW HITPOINT WARNING * * *
You block Purgy's attack.
You open the door. You block Purgy's attack. x3
Found a murky inky potion.
You open the door.
You enter the shallow water.
Moving in this stuff is going to be slow.
Purgy hisses menacingly.
Purgy bites you.
* * * LOW HITPOINT WARNING * * *
Purgy claws you.
* * * LOW HITPOINT WARNING * * *
Purgy closely misses you. Purgy bites you.
You die...

#..'..∩....∩#
####.≈≈≈.####
####.≈≈≈.#
#[.'.≈≈≈.+
####.≈≈≈.#
####.≈≈≈.#
#!.'.≈≈≈.+
####.≈≈≈.#
####T@≈≈.#
#..'.≈≈≈.+
##########
#≈≈≈# #≈≈≈#
#≈≈≈# #≈≈≈#
#≈≈≈# ≈≈≈#


You could see Purgy.

Vanquished Creatures
  2 adders (D:2)
  A worm (D:2)
  3 dart slugs
  A leopard gecko (D:2)
  A ball python (D:2)
  A bat (D:2)
  2 giant cockroaches
  7 hobgoblins
  2 quokkas (D:2)
  7 frilled lizards
  6 goblins
  5 kobolds
  A rat (D:1)
39 creatures vanquished.

Notes
Turn   | Place    | Note
-------+----------+-------------------------------------------
     0 | D:1      | polly the Demonspawn Gladiator began the quest for the Orb.
     0 | D:1      | Reached XP level 1. HP: 16/16 MP: 1/1
   228 | D:1      | Gained mutation: You are partially covered in icy blue scales. (AC +2) [demonic ancestry]
   228 | D:1      | Reached XP level 2. HP: 20/22 MP: 2/2
   937 | D:2      | Gained mutation: You have large cloven feet. [demonic ancestry]
   937 | D:2      | Reached XP level 3. HP: 23/27 MP: 3/3
  1335 | D:2      | Found a faded altar of an unknown god.
  1442 | D:2      | Found an iron altar of Okawaru.
  1445 | D:2      | Found a glowing golden altar of the Shining One.
  1446 | D:2      | Found a shimmering altar of Xom.
  1722 | D:3      | Found a glowing drain.
  1808 | Sewer    | Entered a sewer
  1822 | Sewer    | Gained mutation: You regenerate a little health from kills. [demonic ancestry]
  1822 | Sewer    | Reached XP level 4. HP: 34/34 MP: 4/4
  1827 | Sewer    | Noticed Purgy
  1871 | Sewer    | HP: 1/34 [Purgy (1)]
  1871 | Sewer    | Slain by Purgy

Vault maps used:
D:1:      minmay_arrival_four_circles
D:2:      grunt_temple_overflow_open, chequers_ecumenical_altar_simple,
          hex_large
D:3:      lightli_sewer_entry_pipes, first_bread
Sewer:    kennysheep_door_sewer

Skill      XL: |  1  2 |
---------------+-------+-----
Dodging        | 3 |  3.2
Long Blades    | 3 |  3.2
Fighting       | |  2.4
Throwing       | |  1.8
Armour         | |  0.8
Stealth        | |  0.8
Shields        | |  0.6

Action                   |  1- 3 |  4- 6 || total
-------------------------+-------+-------++-------
Melee: Long sword        |   115 |    22 ||   137
       Kick              |    15 |     7 ||    22
  Use: Potion            |     1 |     1 ||     2
 Stab: Sleeping          |     1 |       ||     1
  Eat: Bread ration      |     1 |       ||     1
       Chunk             |     1 |       ||     1
Armor: Leather armour    |    46 |    30 ||    76
       Skin              |    12 |       ||    12
Dodge: Dodged            |    76 |    25 ||   101
Block: Shield            |    62 |    24 ||    86
       Rpst.: Long sword |    22 |     4 ||    26
